 Dungeon Crawl Stone Soup version 0.27-a0-54-g64bdb92e38 (webtiles) character file.

Game seed: 13663325617851038981

12121 Morbidden the Blocker (level 11, -10/54 HPs)
             Began as a Vine Stalker Fighter on Jan 6, 2021.
             Was an Initiate of Gozag.
             Hit by a javelin thrown by a minotaur (22 damage)
             ... in a Gauntlet on Jan 7, 2021.
             The game lasted 00:25:19 (12323 turns).

Morbidden the Blocker (Vine Stalker Fighter)       Turns: 12323, Time: 00:25:19

Health: -10/54     AC: 13    Str: 19    XL:     11   Next: 88%
Magic:  0/21       EV: 12    Int: 14    God:    Gozag
Gold:   2012       SH: 18    Dex: 22    Spells: 23/23 levels left

rFire    + . .     SeeInvis +   a - +3 dagger (elec)
rCold    . . .     Faith    .   h - +1 tower shield
rNeg     + + +     Spirit   +   B - +3 ring mail of Bebb {rElec rN+ Dex+5}
rPois    .         Reflect  .   N - +0 helmet
rElec    +         Harm     .   G - +0 cloak
rCorr    .         Rampage  .   (no gloves)
Will     ++...     NoTele   +   D - +1 pair of boots of Inviolability {rElec rF+}
Stlth    ++........             (no amulet)
HPRegen  0.58/turn              m - ring of see invisible
MPRegen  0.17/turn              P - ring "Viuco" {rN+++ Will+ Int+3 Dex+3}

@: mighty, gold aura
A: fangs 3, regeneration 1, magic shield, antimagic bite, no potion heal 3
a: Renounce Religion, Potion Petition, Call Merchant, Bribe Branch


You were in a Gauntlet.
You worshipped Gozag.
Gozag was most pleased with you.
You visited 1 branch of the dungeon, and saw 11 of its levels.
You also visited: Ossuary and Gauntlet.

You collected 2050 gold pieces.
You paid 38 gold pieces to Gozag.

Inventory:

Hand Weapons
 a - a +3 dagger of electrocution (weapon)
 b - a +2 fustibalus of flaming
 q - a +0 long sword
 R - a +1 dagger of venom
Missiles
 c - 67 stones
 l - 94 sling bullets
 v - 3 throwing nets (quivered)
 H - 12 poisoned darts
 L - 6 datura-tipped darts
 Q - 5 curare-tipped darts
Armour
 h - a +1 tower shield (worn)
 i - a +0 chain mail
 y - a +1 hat
 B - the +3 ring mail of Bebb (worn) {rElec rN+ Dex+5}
   (You found it on level 4 of the Dungeon)

   It affects your dexterity (+5).
   It insulates you from electricity.
   It protects you from negative energy.
 D - the +1 pair of boots of Inviolability (worn) {rElec rF+}
   (You found it on level 5 of the Dungeon)

   It protects you from fire.
   It insulates you from electricity.
 G - a +0 cloak (worn)
 M - the +6 scale mail the Rotten Hippo {rF+}
   (You found it on level 8 of the Dungeon)

   It protects you from fire.
 N - a +0 helmet (worn)
Magical Staves
 E - an uncursed staff of air
Jewellery
 k - an uncursed ring of willpower
 m - a ring of see invisible (left hand)
 C - an uncursed ring of protection from cold
 P - the ring "Viuco" (right hand) {rN+++ Will+ Int+3 Dex+3}
   (You found it on level 9 of the Dungeon)

   [ring of willpower]

   It affects your intelligence (+3).
   It affects your dexterity (+3).
   It renders you almost immune to negative energy.
   It affects your willpower, your defense against some magical effects.
 X - a +6 ring of intelligence
Wands
 p - a wand of digging (11)
 O - a wand of random effects (39)
 U - a wand of paralysis (6)
 W - a wand of flame (15)
 Y - a wand of iceblast (8)
 Z - a wand of acid (7)
Scrolls
 e - a scroll of identify
 g - 2 scrolls of fear
 j - 2 scrolls of blinking
 n - a scroll of enchant armour
 r - 3 scrolls of enchant weapon
 t - 3 scrolls of remove curse
 z - 2 scrolls of amnesia
 A - 2 scrolls of teleportation
 J - 6 scrolls of magic mapping
 T - a scroll of brand weapon
Potions
 d - 3 potions of might
 f - 4 potions of attraction
 o - 11 potions of curing
 s - 2 potions of mutation
 u - 5 potions of lignification
 w - 2 potions of flight
 x - 2 potions of brilliance
 F - 2 potions of berserk rage
 K - a potion of haste
 S - 2 potions of magic
 V - a potion of ambrosia


   Skills:
 + Level 4.9 Fighting
 + Level 5.1(6.7) Short Blades
 * Level 6.6(7.5) Long Blades
 + Level 3.3 Slings
 + Level 5.1 Armour
 * Level 5.5 Dodging
 + Level 4.1 Stealth
 * Level 9.6 Shields
 * Level 6.5 Spellcasting
 + Level 0.2 Evocations


You had 23 spell levels left.
You didn't know any spells.
Your spell library contained the following spells:

 Spells                   Type           Power        Failure   Level
 Corona                   Hex            4%           88%         1
 Magic Dart               Conj           16%          88%         1
 Sandblast                Erth           8%           88%         1
 Blink                    Tloc           N/A          95%         2
 Call Imp                 Summ           4%           95%         2
 Passwall                 Tmut/Erth      3%           95%         2
 Slow                     Hex            4%           95%         2
 Confusing Touch          Hex            4%           99%         3
 Conjure Flame            Conj/Fire      4%           99%         3
 Gell's Gravitas          Tloc           2%           99%         3
 Inner Flame              Hex/Fire       4%           99%         3
 Mephitic Cloud           Conj/Pois/Air  4%           99%         3
 Portal Projectile        Hex/Tloc       8%           99%         3
 Stone Arrow              Conj/Erth      8%           99%         3
 Cause Fear               Hex            2%           100%        4
 Leda's Liquefaction      Hex/Erth       2%           100%        4
 Petrify                  Tmut/Erth      4%           100%        4
 Lee's Rapid Deconstruct  Erth           2%           100%        5
 Metabolic Englaciation   Hex/Ice        2%           100%        5
 Yara's Violent Unravell  Hex/Tmut       2%           100%        5


Dungeon Overview and Level Annotations

Branches:
Dungeon (11/15)            Temple (0/1) D:6            Lair (0/6) D:11
Ossuary (visited)         Gauntlet (1/1)
    Orc: D:9-12

Altars:
Gozag
Hepliaklqana

Portals:
Trove: D:10 (show abyssal rune of Zot)

Annotations:
Gauntlet 6 transporters, 1 runed translucent door


Innate Abilities, Weirdness & Mutations

You have razor-sharp teeth.
Your natural rate of healing is unusually fast.
When hurt, damage is shared between your health and your magic reserves.
Your bite disrupts and absorbs the magic of your enemies.
Potions cannot restore your health.


Message History

The bolt of acid hits the minotaur.
The minotaur is splashed with acid.
The minotaur seems to be corroded for longer.
The minotaur is heavily wounded.
The minotaur throws a javelin.
The javelin pierces through you!
* * * LOW HITPOINT WARNING * * *
Unknown command.
Unknown command.
Unknown command.
Unknown command.
Unknown command.
Unknown command.
Unknown command.
Unknown command.
Unknown command.
Unknown command.
Unknown command.
Unknown command.
The minotaur throws a javelin.
The javelin pierces through you!!
You die...
Your body crumbles into a pile of gold.

##..###########..#########..
#≈.........§....∩..........§
##.........§...............§
##≈#≈#≈#≈#≈########§#≈#≈#≈#
###########.©..©.#########
######......#####
#...............#
#...........Z...#
***#@###.###.####
###.###.###(###
#.............#
#H###Z###.###(#
#(.$H...Z(.(..#
#######'####### *#.#**
***..∩,* *,'⌠...***


You could see a minotaur (soul bound, corroded) and a death yak simulacrum.

Vanquished Creatures
  Harold (D:8)
  2 death yaks (Gauntlet)
  A two-headed ogre (D:8)
  An unseen horror (D:11)
  Pikel (D:8)
  A necromancer (Gauntlet)
  A moth of wrath (Gauntlet)
  Maurice (D:10)
  2 trolls
  A queen bee (Gauntlet)
  A meliai zombie (D:11)
  A basilisk (D:11)
  2 wyverns
  5 yaks (D:10)
  2 orc warriors (D:10)
  3 sky beasts
  2 black bears
  4 ice beasts
  4 ogres
  5 phantoms
  3 wolves (Gauntlet)
  A lemure (D:8)
  5 centaurs
  4 big kobolds
  Blork the orc (D:6)
  3 bullfrogs
  A gnoll sergeant (D:10)
  2 scorpions
  5 killer bees (Gauntlet)
  7 wights
  An electric eel (D:7)
  4 howler monkeys (D:8)
  2 bullfrog zombies
  A quasit (D:10)
  A centaur skeleton (D:9)
  9 hounds
  6 orc priests
  2 bullfrog skeletons
  6 jellies
  6 iguanas
  7 orc wizards
  Natasha (thrice) (D:3)
  Terence (D:2)
  Ijyb (D:3)
  4 worker ants
  12 mummies (Ossuary)
  2 worker ant zombies
  4 gnolls (D:4)
  12 adders
  2 shadow imps
  2 white imps
  2 ufetubi
  An ooze (D:5)
  3 worms
  A dart slug (D:1)
  5 leopard geckos
  32 orcs
  3 giant cockroaches
  10 goblins
  4 hobgoblins
  10 jackals
  27 kobolds
  2 quokkas
  3 frilled lizards
  2 gnoll skeletons (Ossuary)
  A goblin skeleton (Ossuary)
  2 kobold skeletons (Ossuary)
  3 orc skeletons (Ossuary)
  4 rats
  11 rat skeletons (Ossuary)
287 creatures vanquished.

Vanquished Creatures (others)
  A fungus (Gauntlet)
  3 plants (Gauntlet)
4 creatures vanquished.

Grand Total: 291 creatures vanquished

Notes
Turn   | Place    | Note
-------+----------+-------------------------------------------
     0 | D:1      | Morbidden the Vine Stalker Fighter began the quest for the
                  | Orb.
     0 | D:1      | Reached XP level 1. HP: 11/11 MP: 2/2
   320 | D:1      | Reached XP level 2. HP: 14/16 MP: 3/3
   708 | D:2      | Reached XP level 3. HP: 6/20 MP: 2/4
  1031 | D:2      | Reached skill level 3 in Shields
  1337 | D:2      | Gained mutation: Your natural rate of healing is unusually
                  | fast. [Vine Stalker growth]
  1337 | D:2      | Reached XP level 4. HP: 12/24 MP: 3/5
  1842 | D:3      | Noticed Terence
  1858 | D:2      | Killed Terence
  1868 | D:3      | Reached skill level 1 in Spellcasting
  2078 | D:3      | Found a faded altar of an unknown god.
  2142 | D:3      | Noticed Ijyb
  2171 | D:3      | Killed Ijyb
  2172 | D:3      | Reached XP level 5. HP: 28/28 MP: 7/7
  2208 | D:3      | Noticed Natasha
  2220 | D:3      | Killed Natasha
  2221 | D:3      | Reached skill level 1 in Slings
  2467 | D:3      | Noticed Natasha
  2473 | D:3      | Killed Natasha
  2474 | D:3      | Reached skill level 1 in Dodging
  2489 | D:3      | Noticed Natasha
  2494 | D:3      | Killed Natasha
  3211 | D:3      | Found a faded altar of an unknown god.
  3555 | D:4      | Reached XP level 6. HP: 32/32 MP: 9/9
  3596 | D:4      | Found a sand-covered staircase.
  3613 | Ossuary  | Entered an ossuary
  4018 | D:4      | Noticed a phantom
  4034 | D:4      | Reached XP level 7. HP: 15/37 MP: 7/11
  4057 | D:4      | Reached skill level 1 in Short Blades
  4272 | D:4      | Reached skill level 4 in Shields
  4405 | D:4      | Got a jewelled ring mail
  4485 | D:3      | Identified the +3 ring mail of Bebb {rElec rN+ Dex+5} (You
                  | found it on level 4 of the Dungeon)
  4743 | D:4      | Gained mutation: You have razor-sharp teeth. [Vine Stalker
                  | growth]
  4743 | D:4      | Reached XP level 8. HP: 13/42 MP: 8/13
  4831 | D:4      | Found an opulent altar of Gozag.
  5034 | D:4      | Became a worshipper of Gozag Ym Sagoz the Greedy
  5318 | D:5      | Entered Level 5 of the Dungeon
  5448 | D:5      | Got a pair of pitted boots
  5459 | D:5      | Identified the +1 pair of boots of Inviolability {rElec
                  | rF+} (You found it on level 5 of the Dungeon)
  6303 | D:6      | Found a staircase to the Ecumenical Temple.
  6634 | D:6      | Reached skill level 5 in Shields
  6733 | D:6      | Noticed Blork the orc
  6751 | D:6      | Killed Blork the orc
  7233 | D:7      | Reached XP level 9. HP: 45/45 MP: 15/15
  7721 | D:7      | Reached skill level 1 in Stealth
  8203 | D:8      | Noticed Pikel
  8227 | D:8      | Killed Pikel
  8228 | D:8      | Reached skill level 6 in Shields
  8275 | D:8      | Reached skill level 5 in Long Blades
  8379 | D:8      | Noticed a two-headed ogre
  8384 | D:8      | Killed a two-headed ogre
  8385 | D:8      | Reached XP level 10. HP: 31/51 MP: 8/18
  8504 | D:8      | Reached skill level 7 in Shields
  8504 | D:8      | Reached skill level 5 in Spellcasting
  8552 | D:8      | Got an amethyst-encrusted leather armour
  8553 | D:8      | Identified the +0 leather armour of Curiosity {Harm rElec
                  | Int-2 Dex+2} (You found it on level 8 of the Dungeon)
  8619 | D:8      | Noticed Harold
  8644 | D:8      | Killed Harold
  8822 | D:8      | Found a hazy altar of Hepliaklqana.
  8945 | D:8      | Identified the +6 scale mail the Rotten Hippo {rF+} (You
                  | found it on level 8 of the Dungeon)
  9301 | D:9      | Got a wavering lapis lazuli ring
  9319 | D:9      | Identified the ring "Viuco" {rN+++ Will+ Int+3 Dex+3} (You
                  | found it on level 9 of the Dungeon)
 10459 | D:10     | Entered Level 10 of the Dungeon
 10475 | D:10     | Reached skill level 8 in Shields
 10683 | D:10     | Reached XP level 11. HP: 29/54 MP: 20/20
 10941 | D:10     | Noticed Maurice
 10945 | D:10     | Killed Maurice
 11423 | D:10     | Found a portal to a secret trove of treasure.
 11616 | D:11     | Found a gate leading to a gauntlet.
 11617 | D:11     | Found a staircase to the Lair.
 11617 | D:11     | Noticed an unseen horror
 11651 | D:11     | Killed an unseen horror
 11652 | D:11     | Reached skill level 5 in Dodging
 11682 | D:11     | Reached skill level 9 in Shields
 11762 | Gauntlet | Entered a Gauntlet
 11762 | Gauntlet | Found a transporter.
 11762 | Gauntlet | Found a transporter.
 11762 | Gauntlet | Found a transporter.
 11762 | Gauntlet | Found a runed translucent gate.
 11762 | Gauntlet | Noticed a fire crab
 11783 | Gauntlet | Found a transporter.
 11795 | Gauntlet | Found a transporter.
 11796 | Gauntlet | Found a transporter.
 11802 | Gauntlet | Noticed a great orb of eyes
 11806 | Gauntlet | Found a transporter.
 11808 | Gauntlet | Noticed a cyan ugly thing
 11809 | Gauntlet | Noticed a purple ugly thing
 11822 | Gauntlet | Noticed a death yak
 11822 | Gauntlet | Noticed a death yak
 11822 | Gauntlet | Noticed a death yak
 11824 | Gauntlet | Noticed a death yak
 11824 | Gauntlet | Noticed a death yak
 11825 | Gauntlet | Found a transporter.
 11826 | Gauntlet | Noticed a necromancer
 11826 | Gauntlet | Noticed a death yak
 11839 | Gauntlet | Found a transporter.
 11842 | Gauntlet | Found a transporter.
 11844 | Gauntlet | Found a runed translucent door.
 11846 | Gauntlet | Found a runed translucent door.
 11850 | Gauntlet | Found a transporter.
 11853 | Gauntlet | Found a transporter.
 11853 | Gauntlet | Noticed a moth of wrath
 11855 | Gauntlet | Found a runed translucent gate.
 11855 | Gauntlet | Found a runed translucent gate.
 12170 | Gauntlet | Killed a moth of wrath
 12171 | Gauntlet | Reached skill level 5 in Short Blades
 12171 | Gauntlet | Reached skill level 5 in Armour
 12288 | Gauntlet | Killed a death yak
 12296 | Gauntlet | Noticed a minotaur
 12316 | Gauntlet | Killed a death yak
 12318 | Gauntlet | Killed a necromancer
 12323 | Gauntlet | Hit by a javelin thrown by a minotaur

Illustrated notes

Levels and vault maps discovered:
D:1:      tarquinn_simple_flora_water_d, layout_loops_ring
D:2:      layout_loops_corners, minmay_misc_feat_encased
D:3:      layout_basic, serial_aquarium, aquarium_bridge_straight
          [aquarium_subvault_bridge, aquarium_subvault_wall,
          aquarium_subvault_bridge, aquarium_subvault_window],
          aquarium_window_fake, aquarium_window_2, aquarium_window_corner,
          aquarium_view_2d, aquarium_balcony_1b, aquarium_pool_split,
          chequers_ecumenical_altar_twisty, uniq_terence, uniq_ijyb,
          uniq_natasha
D:4:      layout_cave_pods, grunt_gozag_statues,
          lightli_ossuary_entry_decrepit_ruins
D:5:      layout_basic, nicolae_zen_rock_garden
D:6:      layout_gridville, minmay_temple_entry_junction, uniq_blork_the_orc
D:7:      layout_loops_corners, fountainhead
D:8:      layout_basic, basic_altar, uniq_harold, uniq_pikel
D:9:      layout_basic, serial_co_window_serial, co_window_of_opportunity_a,
          co_window_corner_a, co_window_of_opportunity_a, co_window_paths_a,
          co_window_paths_a, co_window_corner_a, co_window_paths_b,
          co_window_corner_b, co_window_2corner, co_window_of_opportunity_b,
          co_window_broadway_b, co_window_4corner_a, co_window_paths_d,
          roderic_nine_men_s_morris
D:10:     minmay_recursive_quarters, layout_basic, nicolae_trove_entry_columns,
          uniq_maurice
D:11:     layout_rooms, david_lair_generic, serial_corexii_hall,
          corexii_hall_statues_i, corexii_hall_statues_x,
          gauntlet_entry_generic, kennysheep_doodads, uniq_erolcha
Gauntlet: minmay_gauntlet_mixed_big_or_small [gammafunk_gauntlet_arena_mazey,
          minmay_gauntlet_arena_77_run_for_it, nicolae_gauntlet_swirl,
          minmay_gauntlet_arena_77_cramped, gammafunk_gauntlet_arena_crates,
          minmay_gauntlet_arena_77_broken_ladder, gauntlet_exit_hidden_loot]

Skill      XL: |  1  2  3  4  5  6  7  8  9 10 11 |
---------------+----------------------------------+-----
Fighting       | 3 4 |  4.9
Long Blades    | 2 3 4 5 6 |  6.6
Shields        | 3 4 5 6 8 9 |  9.6
Spellcasting   | 1 2 3 4 5 6 |  6.5
Armour         | 3 4 5 |  5.1
Slings         | 1 2 3 |  3.3
Dodging        | 1 2 3 4 5 |  5.5
Short Blades   | 1 2 3 4 5 |  5.1
Stealth        | 2 3 4 |  4.1
Evocations     | |  0.2

Action                   |  1- 3 |  4- 6 |  7- 9 | 10-12 || total
-------------------------+-------+-------+-------+-------++-------
Melee: Long sword        |    86 |    38 |       |       ||   124
       Bite              |    23 |    62 |   132 |   199 ||   416
       Dagger            |       |   130 |   360 |   453 ||   943
 Fire: Hunting sling     |       |    37 |    19 |    52 ||   108
Throw: Stone             |     5 |       |     5 |     1 ||    11
Evoke: Wand              |       |       |     1 |     8 ||     9
  Use: Scroll            |     1 |       |     5 |    25 ||    31
       Potion            |       |       |       |     2 ||     2
 Stab: Sleeping          |       |       |     1 |     6 ||     7
       Distracted        |       |       |     1 |     1 ||     2
       Paralysed         |       |       |       |     1 ||     1
Armor: Scale mail        |    15 |       |       |       ||    15
       Chain mail        |    11 |    45 |    41 |       ||    97
       Ring mail         |       |       |    52 |    96 ||   148
Dodge: Dodged            |    10 |    13 |    58 |   112 ||   193
Block: Kite shield       |     5 |       |       |       ||     5
       Tower shield      |    60 |    95 |   264 |   326 ||   745
       Rpst.: Long sword |     2 |     4 |       |       ||     6

Table legend: (Time is in decaauts)
 A = Elapsed time spent in this place.
 B = Non-inter-level travel time spent in this place.
 C = Inter-level travel time spent in this place.
 D = Time resting spent in this place.
 E = Time spent auto-exploring this place.
 F = Levels seen in this place.
 G = Mean time per level.
                   A        B        C        D        E       F      G
               +--------+--------+--------+--------+--------+-----+--------+
         Total |  12290 |  11847 |    443 |    222 |   8684 |  13 |  945.4 |
       Dungeon |  11358 |  10915 |    443 |     60 |   8496 |  11 | 1032.5 |
       Ossuary |    404 |    404 |      0 |     13 |    135 |   1 |  404.0 |
      Gauntlet |    527 |    527 |      0 |    149 |     53 |   1 |  527.0 |
               +--------+--------+--------+--------+--------+-----+--------+

Top non-repeatable levels by time:
     D:3: 1856 daAuts
     D:4: 1236 daAuts
     D:2: 1221 daAuts
     D:9: 1179 daAuts
    D:10: 1101 daAuts
     D:7: 1079 daAuts
     D:8: 1049 daAuts
     D:5: 949 daAuts
     D:6: 849 daAuts
     D:1: 680 daAuts
Gauntlet: 527 daAuts
 Ossuary: 404 daAuts
    D:11: 154 daAuts
